 Dungeon Crawl Stone Soup version 0.30-a0-918-g0ff054e9dc (webtiles) character file.

Game seed: 3714706629319003603

8908 dialectric the Carver (level 11, -4/71 HPs)
             Began as a Gargoyle Fighter on Mar 20, 2023.
             Was a High Priest of Trog.
             Slain by a yak (7 damage)
             ... on level 9 of the Dungeon.
             The game lasted 00:15:25 (10532 turns).

dialectric the Carver (Gargoyle Fighter)           Turns: 10532, Time: 00:15:25

Health: -4/71      AC: 20    Str: 22    XL:     11   Next: 38%
Magic:  11/11      EV: 13    Int:  9    God:    Trog [*****.]
Gold:   458        SH:  0    Dex: 11    Spells: 10/10 levels left

rFire   . . .      SeeInvis +    H - +5 falchion (freeze)
rCold   . . .      Faith    .    (no shield)
rNeg    + . .      Spirit   .    d - +0 acid dragon scales
rPois   ∞          Reflect  .    a - +2 hat
rElec   +          Rampage  .    (no cloak)
rCorr   +                        w - +0 pair of gloves
Will    .....                    (no boots)
Stlth   +                        (no amulet)
HPRegen 0.31/turn                y - ring of see invisible
MPRegen 0.12/turn                (no ring)

@: on berserk cooldown
A: sickness immunity, AC +8, negative energy resistance 1, electricity
resistance, torment resistance 1, petrification resistance
a: Renounce Religion, Berserk, Trog's Hand, Brothers in Arms


You were on level 9 of the Dungeon.
You worshipped Trog.
Trog was extremely pleased with you.
You visited 1 branch of the dungeon, and saw 10 of its levels.
You also visited: Sewer and Bailey.

You collected 541 gold pieces.
You spent 83 gold pieces at shops.

Inventory:

Hand Weapons
 m - a +2 dagger of electrocution
 A - a +5 great sword
 F - the +12 glaive of Prune {freeze, Prune}
   (You found it in a bailey)

   Prune:     It halves damage taken while paralysed, petrified or unconscious.
 H - a +5 falchion of freezing (weapon)
Missiles
 C - a throwing net (quivered)
Armour
 a - a +2 hat (worn)
 c - a +0 buckler
 d - +0 acid dragon scales (worn)
 n - a +0 helmet
 w - a +0 pair of gloves (worn)
Jewellery
 y - a ring of see invisible (left hand)
Wands
 p - a wand of paralysis (6)
 E - a wand of iceblast (3)
Scrolls
 g - 3 scrolls of noise {unknown}
 h - 11 scrolls of identify
 i - 3 scrolls of enchant armour {unknown}
 k - 4 scrolls of blinking
 l - 3 scrolls of fear
 o - a scroll of brand weapon {unknown}
 r - 5 scrolls of fog
 s - a scroll of poison
 D - a scroll of amnesia {unknown}
 G - a scroll of teleportation {unknown}
Potions
 b - a potion of might
 e - 6 potions of heal wounds
 f - 4 potions of cancellation {unknown}
 j - 7 potions of mutation {unknown}
 q - 3 potions of degeneration {unknown}
 t - 4 potions of curing
 u - a potion of invisibility {unknown}
 v - 3 potions of brilliance {unknown}
 x - 2 potions of berserk rage {unknown}
 z - 2 potions of resistance {unknown}
 B - a potion of flight {unknown}
 I - a potion of attraction {unknown}


   Skills:
 - Level 9.0 Fighting
 - Level 4.0(7.5) Short Blades
 + Level 9.9(10.2) Long Blades
 + Level 9.7 Armour
 + Level 5.1 Dodging
 - Level 2.1 Stealth
 - Level 3.2 Shields
 + Level 1.2 Evocations


You had 10 spell levels left.
You didn't know any spells.
Your spell library contained the following spells:

 Spells                   Type           Power      Damage    Failure   Level
 Ensorcelled Hibernation  Hex/Ice        0%         N/A       58%         2
 Spider Form              Tmut/Pois      0%         N/A       82%         3
 Anguish                  Hex/Necr       0%         N/A       99%         4


Dungeon Overview and Level Annotations

Branches:
Dungeon (10/15)            Temple (0/1) D:4             Orc (0/2) D:10
  Sewer (visited)          Bailey (visited)
   Lair: D:8-11

Altars:
Cheibriados
Gozag
Kikubaaqudgha
Sif Muna
Trog
Zin

Shops:
D:3 :   D:4 !   D:5 [!=   D:6 [*


Innate Abilities, Weirdness & Mutations

You are immune to sickness and miasma.
Your stone body is resilient. (AC +8)
You are immune to poison.
You resist negative energy. (rN+)
You are resistant to electric shocks. (rElec)
You are resistant to unholy torment.
You are immune to petrification.


Message History

The yak is lightly wounded.
The yak gores you but does no damage.
You barely miss the yak.
The yak is lightly wounded.
The yak gores you! The yak gores you but does no damage.
You see here a +0 club.
Items here: ( )) [.
You see here a +0 helmet.
The yak attacks as you move away! The yak misses you.
The yak attacks as you move away! The yak gores you but does no damage.
The yak barely misses you. The yak attacks as you move away! The yak gores you!
The yak attacks as you move away! The yak gores you!
* * * LOW HITPOINT WARNING * * *
The yak gores you but does no damage. The yak attacks as you move away!
The yak barely misses you. The yak barely misses you.
The yak attacks as you move away! The yak closely misses you.
The yak attacks as you move away! The yak barely misses you.
The yak closely misses you. The yak barely misses you.
The yak attacks as you move away! The yak gores you. x2
* * * LOW HITPOINT WARNING * * *
The yak gores you!
* * * LOW HITPOINT WARNING * * *
The yak attacks as you move away! The yak gores you.
* * * LOW HITPOINT WARNING * * *
The yak attacks as you move away! The yak barely misses you.
You feel yourself speed up. The yak closely misses you.
There is a stone staircase leading up here.
The yak misses you. The yak closely misses you. x2
You climb upwards.
There is a stone staircase leading down here.
Unknown command.
Unknown command.
The yak attacks as you move away! The yak gores you!
* * * LOW HITPOINT WARNING * * *
The yak gores you!
You die...

#.##.###' #.#.#
#.#...... #.#.#
#.#...... #.#.# #.#....
..... ########.... #.#
.......Y..#
.......Y>.######
........Y.:.....
.#######@.######
#<....###
##.####..........
............###########
##.####.##..#..........
.....................?.
........#....~≈~≈~.S~≈~
##......#....~≈≈~~.~≈≈~
........#....~≈≈≈~.~≈≈~


You could see 3 yaks.

Vanquished Creatures
  A centaur warrior (D:8)
  A two-headed ogre (Bailey)
  An ugly thing (D:8)
  A troll (D:8)
  A hornet (D:9)
  Grinder (D:5)
  5 spriggans (Bailey)
  11 yaks
  A steam dragon (Bailey)
  Edmund (D:5)
  2 vampire mosquitoes (D:10)
  A water moccasin (D:9)
  2 acid dragons
  2 ice beasts
  2 sky beasts
  An orc warrior (D:8)
  2 black bears
  4 centaurs
  5 ogres (Bailey)
  3 kobold brigands
  3 bullfrogs
  A scorpion (D:5)
  8 wights
  A howler monkey (D:5)
  10 orc priests
  A jelly (D:6)
  A gnoll bouda (D:7)
  2 sleepcaps
  18 orc wizards
  16 adders
  8 gnolls
  4 river rats (Sewer)
  2 white imps
  2 ufetubi (D:7)
  2 dart slugs
  35 orcs
  8 endoplasms
  5 giant cockroaches
  13 goblins
  5 hobgoblins
  2 jackals (Sewer)
  5 quokkas
  12 ball pythons
  4 bats
  4 frilled lizards
  12 kobolds
  13 rats
245 creatures vanquished.

Vanquished Creatures (others)
  An orc wizard (D:8)
  5 fungi (D:6)
  5 plants (Sewer)
  2 toadstools (D:6)
13 creatures vanquished.

Grand Total: 258 creatures vanquished

Notes
Turn   | Place    | Note
-------+----------+-------------------------------------------
     0 | D:1      | dialectric the Gargoyle Fighter began the quest for the
                  | Orb.
     0 | D:1      | Reached XP level 1. HP: 14/14 MP: 1/1
   221 | D:1      | Reached XP level 2. HP: 19/19 MP: 2/2
   837 | D:2      | Reached XP level 3. HP: 19/24 MP: 3/3
   901 | D:2      | Reached skill level 1 in Dodging
   939 | D:2      | Found a faded altar of an unknown god.
   983 | D:2      | Prayed at the altar of an unknown god.
   983 | D:2      | Became a worshipper of Trog the Wrathful
   983 | D:2      | Reached * piety under Trog
  1063 | D:2      | Reached XP level 4. HP: 29/29 MP: 4/4
  1645 | D:3      | Reached ** piety under Trog
  1664 | D:3      | Found Diur Fim's Book Emporium.
  1778 | D:3      | Reached XP level 5. HP: 33/33 MP: 5/5
  1810 | D:3      | Found an ancient bone altar of Kikubaaqudgha.
  1817 | D:3      | Reached skill level 1 in Short Blades
  2190 | D:4      | Found a staircase to the Ecumenical Temple.
  2384 | D:4      | Reached XP level 6. HP: 24/39 MP: 6/6
  2541 | D:4      | Found Bovvofuj's Distillery.
  2556 | D:4      | Bought a potion of curing for 33 gold pieces
  2756 | D:4      | Found a glowing silver altar of Zin.
  2788 | D:4      | Found an opulent altar of Gozag.
  3106 | D:5      | Entered Level 5 of the Dungeon
  3125 | D:5      | Noticed Edmund
  3144 | D:5      | Killed Edmund
  3145 | D:5      | Reached skill level 5 in Armour
  3235 | D:5      | Found Son Jiakk's Jewellery Shop.
  3309 | D:5      | Reached XP level 7. HP: 44/44 MP: 7/7
  3404 | D:5      | Found Acriwkun's Armour Emporium.
  3472 | D:5      | Identified the +5 battleaxe of Tetajeh {freeze, *Corrode
                  | rC++ Dex+2}
  3536 | D:5      | Reached skill level 1 in Stealth
  3693 | D:5      | Noticed Grinder
  3701 | D:5      | Killed Grinder
  3710 | D:5      | Found Sathup's Distillery.
  3821 | D:5      | Reached XP level 8. HP: 48/48 MP: 8/8
  3999 | D:6      | Found a snail-covered altar of Cheibriados.
  4063 | D:6      | Reached *** piety under Trog
  4094 | D:6      | Reached skill level 5 in Fighting
  4398 | D:6      | Found Mair's Armour Emporium.
  4475 | D:6      | Found a glowing drain.
  4553 | Sewer    | Entered a sewer
  5722 | D:7      | Reached XP level 9. HP: 55/55 MP: 9/9
  5763 | D:7      | Reached **** piety under Trog
  6017 | D:8      | Reached skill level 5 in Long Blades
  6215 | D:8      | Found a shimmering blue altar of Sif Muna.
  6427 | D:8      | Found a flagged portal.
  6539 | Bailey   | Entered a bailey
  6566 | Bailey   | Reached ***** piety under Trog
  6679 | Bailey   | Reached XP level 10. HP: 25/64 MP: 10/10
  6930 | Bailey   | Found the +12 glaive of Prune {freeze, Prune}
  6931 | Bailey   | Noticed a two-headed ogre
  6945 | Bailey   | Killed a two-headed ogre
  6946 | Bailey   | Reached skill level 1 in Evocations
  7695 | D:8      | Noticed a centaur warrior
  7697 | D:8      | Noticed a purple ugly thing
  7703 | D:8      | Killed a centaur warrior
  7714 | D:8      | Killed a purple ugly thing
  8016 | D:9      | Noticed a two-headed ogre
  8470 | D:9      | Reached XP level 11. HP: 67/71 MP: 11/11
  9049 | D:8      | HP: 3/71 [two-headed ogre/+0 giant club (17)]
  9127 | D:8      | HP: 3/71 [two-headed ogre/+0 giant club (6)]
  9429 | D:6      | Found Huif's Hallowed Reliquary.
  9430 | D:6      | Noticed an angel
  9556 | D:6      | Bought a potion of heal wounds for 50 gold pieces
  9995 | D:10     | Entered Level 10 of the Dungeon
 10034 | D:10     | Found a staircase to the Orcish Mines.
 10488 | D:10     | Reached skill level 5 in Dodging
 10531 | D:9      | HP: 2/71 [yak (8)]
 10532 | D:9      | Slain by a yak

Illustrated notes

Levels and vault maps discovered:
D:1:      matt_arrival_refuge, layout_basic, minmay_quantized
D:2:      minmay_wonky_spiral, layout_loops_ring,
          hellmonk_ecumenical_altar_zigzags, minmay_surrounded
D:3:      layout_rooms, nicolae_kikubaaqudgha_miasma_corner, serial_shops, shop,
          minmay_misc_feat_tower, hellmonk_no_cap
D:4:      layout_loops_ring, kennysheep_mini_moat, nicolae_gozag_seed_capital,
          temple_pool_b, serial_shops, nicolae_shop_behind_doors,
          serial_park_tiny_2, nicolae_nh_ransacked_shop
D:5:      layout_loops_cross, serial_shops, nicolae_stop_n_shop_2,
          nicolae_inconvenience_store, shop, uniq_edmund, uniq_grinder
D:6:      layout_gridville, mainiacjoe_overflow_boulevard,
          gup_sewer_entry_glass, serial_shops, shop, minmay_gold_behind_fungi,
          nicolae_good_shop
D:7:      layout_loops_ring
D:8:      layout_basic, kennysheep_orc_sif_temple, enter_bailey_5,
          minmay_small_thing
D:9:      layout_basic, minivault_14
D:10:     layout_small_grid, david_orc_3

Skill      XL: |  1  2  3  4  5  6  7  8  9 10 11 |
---------------+----------------------------------+-----
Long Blades    | 2 3 4 7 8 9 |  9.9
Dodging        | 1 2 3 4 5 |  5.1
Fighting       | 4 6 7 9 |  9.0
Short Blades   | 1 2 3 4 |  4.0
Armour         | 4 5 6 7 8 9 |  9.7
Stealth        | 1 2 |  2.1
Evocations     | 1 |  1.2
Shields        | |  3.2

Action                     |  1- 3 |  4- 6 |  7- 9 | 10-12 || total
---------------------------+-------+-------+-------+-------++-------
  Melee: Long sword        |    79 |       |       |       ||    79
         Dagger            |    19 |   195 |   148 |       ||   362
         Great sword       |       |       |   209 |   167 ||   376
         Falchion          |       |       |       |   106 ||   106
         Punch             |       |       |       |     1 ||     1
 Invoke: Berserk           |       |       |       |     3 ||     3
  Evoke: Wand              |       |       |     5 |     3 ||     8
    Use: Potion            |       |       |     6 |     1 ||     7
         Scroll            |       |       |     4 |       ||     4
   Stab: Paralysed         |       |       |       |     9 ||     9
 Armour: Scale mail        |    57 |    83 |   248 |     8 ||   396
         Acid dragon scale |       |       |       |   196 ||   196
  Dodge: Dodged            |    47 |    83 |   261 |   240 ||   631

Table legend: (Time is in decaauts)
 A = Elapsed time spent in this place.
 B = Non-inter-level travel time spent in this place.
 C = Inter-level travel time spent in this place.
 D = Time resting spent in this place.
 E = Time spent auto-exploring this place.
 F = Levels seen in this place.
 G = Mean time per level.
                   A        B        C        D        E       F      G
               +--------+--------+--------+--------+--------+-----+--------+
         Total |  10821 |  10488 |    333 |   1157 |   6527 |  12 |  901.8 |
       Dungeon |   9256 |   8923 |    333 |    899 |   5662 |  10 |  925.6 |
         Sewer |    907 |    907 |      0 |      0 |    631 |   1 |  907.0 |
        Bailey |    657 |    657 |      0 |    258 |    233 |   1 |  657.0 |
               +--------+--------+--------+--------+--------+-----+--------+

Top non-repeatable levels by time:
     D:8: 1942 daAuts
     D:7: 1464 daAuts
     D:6: 1133 daAuts
   Sewer: 907 daAuts
     D:4: 888 daAuts
     D:5: 873 daAuts
     D:1: 848 daAuts
     D:2: 801 daAuts
  Bailey: 657 daAuts
     D:3: 580 daAuts
    D:10: 534 daAuts
     D:9: 189 daAuts
